TOP OF THE 1ST |
Kansas State Wildcats batting - Pitching for Duke Blue Devils : RHP Theron Jackson
|
Pitching: RHP Theron Jackson
|
|
Batting: LHB José Peralta
|
0-0: Ball 1-0: Ball 2-0: Ball 3-0: Called Strike 3-1: Foul Ball, location: 2F 3-2: Foul Ball, location: 2F 3-2: Base on Balls
|
Batting: RHB Javier Sánchez
|
0-0: Ball 1-0: Called Strike 1-1: Ball 2-1: Foul Ball, location: 2F 2-2: Strikes out swinging
|
Batting: RHB José Valdés
|
0-0: Ball 1-0: Foul Ball, location: 2F 1-1: Fly out, F8 (Flyball, 78M)
|
Batting: LHB Jim Knight
|
0-0: Ball 1-0: Called Strike 1-1: 2-RUN HOME RUN (Flyball, 89XD), Distance : 380 ft
|
Batting: RHB Steve Ashe
|
0-0: Ball 1-0: Foul Ball, location: 2F 1-1: Ball 2-1: Foul Ball, location: 2F 2-2: Strikes out swinging
|
Top of the 1st over - 2 run(s), 1 hit(s), 0 error(s), 0 left on base; Kansas State 2 - Duke 0 |
BOTTOM OF THE 1ST |
Duke Blue Devils batting - Pitching for Kansas State Wildcats : RHP Carl Curry
|
Pitching: RHP Carl Curry
|
|
Batting: RHB Joe Leach
|
0-0: Ball 1-0: Ball 2-0: Called Strike 2-1: Ball 3-1: Base on Balls
|
Batting: RHB Matt Osborne
|
0-0: Ball Pickoff Throw to First - Out! 1-0: Called Strike 1-1: Ball 2-1: Ball 3-1: SINGLE (Groundball, 34S)
|
Batting: LHB Dennis King
|
0-0: Called Strike 0-1: Ground out 5-3 (Groundball, 5S) Matt Osborne to second
|
Batting: RHB Jim Love
|
0-0: Ball 1-0: Called Strike 1-1: Ball 2-1: Foul Ball, location: 2F 2-2: Ground out 1-3 (Groundball, 13S)
|
Bottom of the 1st over - 0 run(s), 1 hit(s), 0 error(s), 1 left on base; Kansas State 2 - Duke 0 |
TOP OF THE 2ND |
Kansas State Wildcats batting - Pitching for Duke Blue Devils : RHP Theron Jackson
|
Batting: RHB David MacKinney
|
0-0: Ball 1-0: SINGLE (Groundball, 56S) (infield hit)
|
Batting: RHB River Cunningham
|
0-0: Ball 1-0: Called Strike 1-1: Ball 2-1: SINGLE (Groundball, 6M) David MacKinney to second
|
Batting: RHB Kyle Mann
|
0-0: Called Strike 0-1: Ball 1-1: Ball 2-1: Called Strike 2-2: Strikes out swinging
|
Batting: SHB Felipe Martínez
|
0-0: Ball 1-0: Foul Ball, location: 2F 1-1: Called Strike 1-2: Grounds into double play, 6-4-3 (Groundball, 6)
|
Top of the 2nd over - 0 run(s), 2 hit(s), 0 error(s), 1 left on base; Kansas State 2 - Duke 0 |
BOTTOM OF THE 2ND |
Duke Blue Devils batting - Pitching for Kansas State Wildcats : RHP Carl Curry
|
Batting: RHB José Reyes
|
0-0: Ball 1-0: Ball 2-0: Ball 3-0: Base on Balls
|
Batting: RHB Jesús Herrera
|
0-0: Ball 1-0: Foul Ball, location: 2F 1-1: Called Strike 1-2: Grounds into double play, 4-6-3 (Groundball, 4)
|
Batting: RHB John James
|
0-0: Called Strike 0-1: SINGLE (Groundball, 34D)
|
Batting: SHB Tomás Sánchez
|
0-0: Ball 1-0: Swinging Strike 1-1: SINGLE (Flyball, 7S) John James to second
|
Batting: RHB Jake Belcher
|
0-0: Called Strike 0-1: Called Strike 0-2: Fly out, F9 (Flyball, 9M)
|
Bottom of the 2nd over - 0 run(s), 2 hit(s), 0 error(s), 2 left on base; Kansas State 2 - Duke 0 |
TOP OF THE 3RD |
Kansas State Wildcats batting - Pitching for Duke Blue Devils : RHP Theron Jackson
|
Batting: LHB José Peralta
|
0-0: Called Strike 0-1: Called Strike 0-2: Ball 1-2: Strikes out looking
|
Batting: RHB Javier Sánchez
|
0-0: Called Strike 0-1: Ball 1-1: Swinging Strike 1-2: Ground out 6-3 (Groundball, 6)
|
Batting: RHB José Valdés
|
0-0: Ball 1-0: Ball 2-0: Called Strike 2-1: Fly out, F9 (Flyball, 9M)
|
Top of the 3rd over - 0 run(s), 0 hit(s), 0 error(s), 0 left on base; Kansas State 2 - Duke 0 |
BOTTOM OF THE 3RD |
Duke Blue Devils batting - Pitching for Kansas State Wildcats : RHP Carl Curry
|
Batting: RHB Joe Leach
|
0-0: Called Strike
|
|
|
|
0-1: Called Strike 0-2: Ball 1-2: SINGLE (Groundball, 6MD)
|
Batting: RHB Matt Osborne
|
0-0: Ground out 5-3 (Groundball, 56S) Joe Leach to second
|
Batting: LHB Dennis King
|
0-0: Ball 1-0: Ball 2-0: Foul Ball, location: 2F 2-1: Ball 3-1: Base on Balls
|
Batting: RHB Jim Love
|
0-0: SINGLE (Groundball, 56D) Joe Leach to third Dennis King to second Runner from 3rd tries for Home, SAFE, no throw or cutoff
|
Batting: RHB José Reyes
|
0-0: Fly out, F5 (Line Drive, 5S)
|
Batting: RHB Jesús Herrera
|
0-0: Called Strike 0-1: Ground out 5-3 (Groundball, 5L)
|
Bottom of the 3rd over - 1 run(s), 2 hit(s), 0 error(s), 2 left on base; Kansas State 2 - Duke 1 |
TOP OF THE 4TH |
Kansas State Wildcats batting - Pitching for Duke Blue Devils : RHP Theron Jackson
|
Pitching: LHP Michael Dyer
|
|
Batting: LHB Jim Knight
|
0-0: Called Strike 0-1: Called Strike 0-2: Ball 1-2: Ball 2-2: Fly out, F7 (Flyball, 7LD)
|
Batting: RHB Steve Ashe
|
0-0: Ball 1-0: SINGLE (Flyball, 8LS)
|
Batting: RHB David MacKinney
|
0-0: Called Strike 0-1: Foul Ball, location: 2F 0-2: Strikes out swinging
|
Batting: RHB River Cunningham
|
0-0: Ball 1-0: Called Strike Steve Ashe steals 2nd base 1-1: Swinging Strike 1-2: Ball 2-2: Strikes out swinging
|
Top of the 4th over - 0 run(s), 1 hit(s), 0 error(s), 1 left on base; Kansas State 2 - Duke 1 |
BOTTOM OF THE 4TH |
Duke Blue Devils batting - Pitching for Kansas State Wildcats : RHP Carl Curry
|
Batting: RHB John James
|
0-0: SINGLE (Line Drive, 89S)
|
Batting: SHB Tomás Sánchez
|
0-0: SINGLE (Groundball, 34D) John James to second Runner from 2nd tries for 3rd, SAFE, throw made to third Tomás Sánchez to second
|
Batting: RHB Jake Belcher
|
0-0: Called Strike 0-1: Called Strike 0-2: Strikes out looking
|
Pitching: RHP Corey Romo
|
|
Batting: RHB Joe Leach
|
0-0: Ball 1-0: SINGLE (Groundball, 56D) John James scores Tomás Sánchez to third
|
Batting: RHB Matt Osborne
|
0-0: Swinging Strike 0-1: DOUBLE (Line Drive, 7LS) Tomás Sánchez scores Joe Leach to third Runner from 3rd tries for Home, SAFE, no throw or cutoff
|
Batting: LHB Dennis King
|
0-0: Called Strike 0-1: Ball 1-1: Ball 2-1: Foul Ball, location: 2F 2-2: Strikes out swinging
|
Batting: RHB Jim Love
|
0-0: Fly out, F6 (Line Drive, 6)
|
Bottom of the 4th over - 3 run(s), 4 hit(s), 0 error(s), 1 left on base; Kansas State 2 - Duke 4 |
TOP OF THE 5TH |
Kansas State Wildcats batting - Pitching for Duke Blue Devils : LHP Michael Dyer
|
Batting: RHB Kyle Mann
|
0-0: Ball 1-0: Foul Ball, location: 2F 1-1: Ball 2-1: Ball 3-1: Base on Balls
|
Batting: SHB Felipe Martínez
|
0-0: Ball 1-0: Ball 2-0: Ball 3-0: Called Strike 3-1: Fly out, F7 (Flyball, 7M)
|
Batting: LHB José Peralta
|
0-0: Ball Kyle Mann is caught stealing 2nd base 1-0: Swinging Strike 1-1: Ball 2-1: Ball 3-1: Fly out, F7 (Flyball, 78M)
|
Top of the 5th over - 0 run(s), 0 hit(s), 0 error(s), 0 left on base; Kansas State 2 - Duke 4 |
BOTTOM OF THE 5TH |
Duke Blue Devils batting - Pitching for Kansas State Wildcats : RHP Corey Romo
|
Batting: RHB José Reyes
|
0-0: Ball 1-0: Ball 2-0: SINGLE (Flyball, 7S)
|
Batting: RHB Jesús Herrera
|
0-0: Fly out, F7 (Flyball, 7M)
|
Batting: RHB John James
|
0-0: Foul Ball, location: 2F 0-1: Called Strike José Reyes is caught stealing 2nd base 0-2: Foul Ball, location: 2F 0-2: Ball 1-2: Ball 2-2: Ball 3-2: SINGLE (Groundball, 4M)
|
Batting: SHB Tomás Sánchez
|
0-0: Ground out U3 (Groundball, 3L)
|
Bottom of the 5th over - 0 run(s), 2 hit(s), 0 error(s), 1 left on base; Kansas State 2 - Duke 4 |
TOP OF THE 6TH |
Kansas State Wildcats batting - Pitching for Duke Blue Devils : LHP Michael Dyer
|
Batting: RHB Javier Sánchez
|
0-0: Called Strike 0-1: Called Strike 0-2: Fly out, F9 (Flyball, 9M)
|
Batting: RHB José Valdés
|
0-0: Called Strike 0-1: SINGLE (Line Drive, 9S)
|
Batting: LHB Jim Knight
|
0-0: Ball 1-0: Swinging Strike 1-1: Foul Ball, location: 2F 1-2: Strikes out swinging
|
Batting: RHB Steve Ashe
|
0-0: Called Strike José Valdés steals 2nd base 0-1: Foul Ball, location: 2F 0-2: Strikes out swinging
|
Top of the 6th over - 0 run(s), 1 hit(s), 0 error(s), 1 left on base; Kansas State 2 - Duke 4 |
BOTTOM OF THE 6TH |
Duke Blue Devils batting - Pitching for Kansas State Wildcats : RHP Corey Romo
|
Batting: RHB Jake Belcher
|
0-0: Called Strike 0-1: Called Strike 0-2: Ball 1-2: Ball 2-2: Ball 3-2: Strikes out swinging
|
Batting: RHB Joe Leach
|
0-0: Called Strike 0-1: Fly out, F6 (Popup, 6)
|
Batting: RHB Matt Osborne
|
0-0: Ball 1-0: Ground out 5-3 (Groundball, 5S)
|
Bottom of the 6th over - 0 run(s), 0 hit(s), 0 error(s), 0 left on base; Kansas State 2 - Duke 4 |
TOP OF THE 7TH |
Kansas State Wildcats batting - Pitching for Duke Blue Devils : LHP Michael Dyer
|
Pitching: RHP John O'Greane
|
|
Batting: RHB David MacKinney
|
0-0: Called Strike 0-1: Foul Ball, location: 2F 0-2: Ball 1-2: Strikes out looking
|
Batting: RHB River Cunningham
|
0-0: Called Strike 0-1: Ball 1-1: Ball 2-1: Swinging Strike 2-2: Foul Ball, location: 2F 2-2: SINGLE (Flyball, 9LM)
|
Batting: RHB Kyle Mann
|
0-0: Ball 1-0: Ball 2-0: Called Strike 2-1: SINGLE (Groundball, 6MD) River Cunningham to second
|
Pinch Runner at 2nd Armando García:
|
|
Batting: SHB Felipe Martínez
|
0-0: Ball 1-0: Called Strike 1-1: Called Strike 1-2: Strikes out looking
|
Batting: LHB José Peralta
|
0-0: Called Strike 0-1: Swinging Strike 0-2: Strikes out looking
|
Top of the 7th over - 0 run(s), 2 hit(s), 0 error(s), 2 left on base; Kansas State 2 - Duke 4 |
BOTTOM OF THE 7TH |
Duke Blue Devils batting - Pitching for Kansas State Wildcats : RHP Corey Romo
|
Pitching: LHP Sancho Espinoza
|
|
Now at 3B: Roy Powell
|
|
Batting: LHB Dennis King
|
0-0: Ball 1-0: Ground out 4-3 (Groundball, 4)
|
Batting: RHB Jim Love
|
0-0: Ground out 4-3 (Groundball, 4)
|
Batting: RHB José Reyes
|
0-0: Called Strike 0-1: Foul Ball, location: 2F 0-2: Strikes out swinging
|
Bottom of the 7th over - 0 run(s), 0 hit(s), 0 error(s), 0 left on base; Kansas State 2 - Duke 4 |
TOP OF THE 8TH |
Kansas State Wildcats batting - Pitching for Duke Blue Devils : RHP John O'Greane
|
Batting: RHB Javier Sánchez
|
0-0: Foul Ball, location: 2F 0-1: Foul Ball, location: 2F 0-2: Strikes out swinging
|
Batting: RHB José Valdés
|
0-0: Swinging Strike 0-1: Ball 1-1: Fly out, F8 (Flyball, 8RXD)
|
Batting: LHB Jim Knight
|
0-0: Ball 1-0: Foul Ball, location: 2F 1-1: Ball 2-1: Swinging Strike 2-2: Ball 3-2: SOLO HOME RUN (Flyball, 9D), Distance : 360 ft
|
Pitching: RHP Thomas Summerville
|
|
Batting: RHB Steve Ashe
|
0-0: Swinging Strike 0-1: Foul Ball, location: 2F 0-2: Ball 1-2: Ball 2-2: Foul Ball, location: 2F 2-2: Fly out, F6 (Line Drive, 6)
|
Top of the 8th over - 1 run(s), 1 hit(s), 0 error(s), 0 left on base; Kansas State 3 - Duke 4 |
BOTTOM OF THE 8TH |
Duke Blue Devils batting - Pitching for Kansas State Wildcats : LHP Sancho Espinoza
|
Batting: RHB Jesús Herrera
|
0-0: Called Strike 0-1: SOLO HOME RUN (Flyball, 7LD), Distance : 331 ft
|
Batting: RHB John James
|
0-0: Ball 1-0: Ball 2-0: Ball 3-0: Called Strike 3-1: Foul Ball, location: 2F 3-2: Foul Ball, location: 2F 3-2: SINGLE (Flyball, 9LS)
|
Batting: SHB Tomás Sánchez
|
0-0: Ball John James is caught stealing 2nd base 1-0: Ball 2-0: Called Strike 2-1: Ball 3-1: Base on Balls
|
Batting: RHB Jake Belcher
|
0-0: Foul Ball, location: 2F 0-1: Foul Ball, location: 2F 0-2: Foul Ball, location: 2F 0-2: Ball 1-2: Ball 2-2: Strikes out swinging
|
Batting: RHB Joe Leach
|
0-0: Ball 1-0: Ball 2-0: Ball 3-0: Called Strike 3-1: Swinging Strike 3-2: Foul Ball, location: 2F 3-2: Strikes out looking
|
Bottom of the 8th over - 1 run(s), 2 hit(s), 0 error(s), 1 left on base; Kansas State 3 - Duke 5 |
TOP OF THE 9TH |
Kansas State Wildcats batting - Pitching for Duke Blue Devils : RHP Thomas Summerville
|
Pitching: LHP Woodrow Mitchell
|
|
Batting: RHB David MacKinney
|
0-0: Called Strike 0-1: Ball 1-1: Foul Ball, location: 2F 1-2: Ball 2-2: Ground out 6-3 (Groundball, 56)
|
Batting: RHB Roy Powell
|
0-0: Fly out, F9 (Flyball, 9M)
|
Batting: RHB Kyle Mann
|
0-0: Called Strike 0-1: Ball 1-1: Ball 2-1: Foul Ball, location: 2F 2-2: Strikes out looking
|
Top of the 9th over - 0 run(s), 0 hit(s), 0 error(s), 0 left on base; Kansas State 3 - Duke 5 |
|
Monday, December 5th, 2016 - OOTP Baseball 17.12 Build 75
|
|